 Dungeon Crawl Stone Soup version 0.23-a0-419-g0174fd8 (webtiles) character file.

104 Think the Sneak (level 4, -3/29 HPs)
             Began as an Octopode Assassin on Nov 14, 2018.
             Killed from afar by Blork the orc (8 damage)
             ... with a puff of flame
             ... on level 4 of the Dungeon.
             The game lasted 00:06:38 (2108 turns).

Think the Sneak (Octopode Assassin)                 Turns: 2108, Time: 00:06:39

Health: -3/29      AC:  1    Str: 10    XL:     4   Next: 80%
Magic:  4/4        EV: 13    Int: 13    God:
Gold:   186        SH:  0    Dex: 14    Spells: 2/3 levels left

rFire    . . .     SeeInvis +   a - +2 dagger
rCold    . . .     Gourm    .   (no shield)
rNeg     . . .     Faith    .   (helmet restricted)
rPois    .         Spirit   .   (no amulet)
rElec    .         Reflect  .   e - ring of protection from magic
rCorr    .         Harm     .   k - ring of ice
MR       +....                  l - ring of see invisible
Stlth    ++++......             y - ring of fire
HPRegen  0.09/turn              (no ring)
MPRegen  0.09/turn              (no ring)
                                (no ring)
                                (no ring)

@: hasted, very quick
A: almost no armour, stealthy swim, amphibious, 8 rings, constrict 8, camouflage
1, gelatinous body 1
a: no special abilities


You were on level 4 of the Dungeon.
You were hungry.

You visited 1 branch of the dungeon, and saw 4 of its levels.

You collected 186 gold pieces.

Inventory:

Hand Weapons
 a - a +2 dagger (weapon)
 s - a +0 blowgun
Missiles
 c - 22 poisoned needles
 d - 2 curare-tipped needles
Magical Staves
 r - an uncursed staff of wizardry {unknown}
Jewellery
 e - a ring of protection from magic (left tentacle)
 k - a ring of ice (right tentacle)
 l - a ring of see invisible (on tentacle)
 y - a ring of fire (on tentacle)
Wands
 z - a wand of iceblast (3)
Scrolls
 b - 3 scrolls of teleportation
 h - 2 scrolls of magic mapping
 j - 2 scrolls of remove curse
 m - 4 scrolls of random uselessness {unknown}
 q - a scroll of noise {unknown}
 t - a scroll of blinking {unknown}
 u - a scroll of enchant weapon {unknown}
 w - a scroll of amnesia {unknown}
 x - a scroll of enchant armour {unknown}
Potions
 g - 2 potions of curing {unknown}
 n - 2 potions of lignification {unknown}
 o - a potion of heal wounds {unknown}
 p - a potion of degeneration {unknown}
 v - a potion of resistance {unknown}
Comestibles
 f - 5 rations


   Skills:
 - Level 2.0 Fighting
 + Level 2.9 Short Blades
 - Level 2.7 Throwing
 - Level 1.0 Dodging
 * Level 7.0 Stealth
 + Level 0.4 Spellcasting


You had 2 spell levels left.
You knew the following spells:

 Your Spells              Type           Power        Failure   Level  Hunger
a - Magic Dart            Conj           #...         30%         1    ##.....

Your spell library contained the following spells:

 Spells                   Type           Power        Failure   Level  Hunger
 Searing Ray              Conj           #.....       41%         2    ###....
 Dazzling Spray           Conj/Hex       #.....       65%         3    ####...
 Force Lance              Conj/Tloc      #.......     96%         4    #####..
 Fulminant Prism          Conj/Hex       #.........   96%         4    #####..
 Iskenderun's Mystic Bla  Conj           #.......     96%         4    #####..


Dungeon Overview and Level Annotations

Branches:
Dungeon (4/15)
 Temple: D:4-7

Altars:
Ashenzari

Annotations:
D:4 Blork the orc


Innate Abilities, Weirdness & Mutations

You cannot wear most types of armour.
You are very stealthy in the water. (Stealth+)
You are amphibious.
You can wear up to eight rings at the same time.
You can use your tentacles to constrict eight enemies at once.
Your skin changes colour to match your surroundings (Stealth+).
Your rubbery body absorbs attacks. (AC +1, EV +1)


Message History

Okay, then.
You feel yourself speed up.
You constrict Blork the orc.
You release your grip on Blork the orc.
Blork the orc mumbles some strange words.
Blork the orc seems to speed up.
Blork the orc hits you from afar with a +0 glaive.
* * * LOW HITPOINT WARNING * * *
Found a quarterstaff.
You see here 8 gold pieces.
Number of times to repeat, then command key: You must enter the number of times for the command to repeat.
Blork the orc looks encouraged for a moment.
Blork the orc casts a spell at you. The puff of flame misses you.
Blork the orc casts a spell at you. The puff of flame misses you.
There is a stone staircase leading up here.
Blork the orc casts a spell at you. The puff of flame hits you!
You die...

...[ ................#####
♣...# ##............#......
♣...>##
........$....#........
......##
#.#..#...o.......#....
##..###.##.#....S......##...
#....##....................
##......#(...............#
#.......#...............#
##).........@........#...
#....................#
#.##.#......#....<.........
......##....##.............#
##..#..#..######..)........##
####..#... ##..........#
##.#.... ####..##...#
........ #### ...# ... .#..#
####


You could see Blork the orc and an adder.

Vanquished Creatures
  4 adders
  An adder skeleton (D:4)
  3 worms
  A dart slug (D:1)
  4 leopard geckos
  An orc (D:4)
  3 bats
  A giant cockroach (D:4)
  4 goblins
  6 hobgoblins
  5 quokkas
  2 ball pythons (D:1)
  10 frilled lizards
  4 kobolds
  A leopard gecko skeleton (D:4)
  A rat (D:2)
51 creatures vanquished.

Notes
Turn   | Place    | Note
-------+----------+-------------------------------------------
     0 | D:1      | Think the Octopode Assassin began the quest for the Orb.
     0 | D:1      | Reached XP level 1. HP: 14/14 MP: 1/1
   379 | D:1      | Reached XP level 2. HP: 19/19 MP: 2/2
   721 | D:2      | Reached skill level 6 in Stealth
   763 | D:2      | Reached XP level 3. HP: 19/24 MP: 3/3
  1148 | D:2      | Reached XP level 4. HP: 22/29 MP: 4/4
  1441 | D:3      | Found a shattered altar of Ashenzari.
  1449 | D:3      | Learned a level 1 spell: Magic Dart
  2031 | D:4      | Reached skill level 7 in Stealth
  2078 | D:4      | Noticed Blork the orc
  2108 | D:4      | Killed from afar by Blork the orc

Vault maps used:
D:1:      psy_arrival_dodecagon, grunt_decor_resistance, minmay_lizard_king
D:2:      kennysheep_pointless_box, kennysheep_generic_room_6
D:3:      ashenzari_conservatory_becter
D:4:      grunt_temple_overflow_opulence, kennysheep_mini_moat,
          chequers_temple_overflow_minitemple, portal_sewer_entry_e,
          nicolae_qazlal_style_of_elements, uniq_blork_the_orc

Skill      XL: |  1  2  3  4 |
---------------+-------------+-----
Stealth        | 6 7 |  7.0
Fighting       | |  2.0
Short Blades   | |  2.9
Throwing       | |  2.7
Dodging        | |  1.0
Spellcasting   | |  0.4

Action                   |  1- 3 |  4- 6 || total
-------------------------+-------+-------++-------
Melee: Dagger            |    46 |    31 ||    77
       Constrict         |    12 |     5 ||    17
       Tentacles         |    11 |     5 ||    16
 Fire: Blowgun           |    11 |       ||    11
  Use: Scroll            |       |     3 ||     3
       Potion            |       |     2 ||     2
 Stab: Sleeping          |     8 |    13 ||    21
  Eat: Chunk             |       |     3 ||     3
Armor: Skin              |     1 |       ||     1
Dodge: Dodged            |    21 |    11 ||    32

Table legend:
 A = Non-vault XP
 B = Vault XP
 C = Vault XP percentage of total XP
 D = Non-vault monster count
 E = Vault monster count
 F = Vault count percentage of total count
                 A         B        C        D         E       F
            +---------+---------+-------+---------+---------+-------
      Total |     135 |      14 |   9.4 |      43 |       8 |  15.7
            +---------+---------+-------+---------+---------+-------
        D:1 |      19 |       9 |  32.1 |      10 |       7 |  41.2
        D:2 |      63 |       5 |   7.4 |      14 |       1 |   6.7
        D:3 |      40 |       0 |   0.0 |      14 |       0 |   0.0
        D:4 |      13 |       0 |   0.0 |       5 |       0 |   0.0
            +---------+---------+-------+---------+---------+-------
